 Dungeon Crawl Stone Soup version 0.28-a0-258-g8de209e91f (webtiles) character file.

Game seed: 13574826837526819509

1061 voltaire321 the Conjurer (level 8, -6/67 HPs)
             Began as a Green Draconian Conjurer on Aug 26, 2021.
             Mangled by a troll (17 damage)
             ... on level 6 of the Dungeon.
             The game lasted 00:22:09 (6465 turns).

voltaire321 the Conjurer (Green Draconian Conjurer) Turns: 6465, Time: 00:22:09

Health: -6/67      AC:  6    Str: 10    XL:     8   Next: 6%
Magic:  2/14       EV: 16    Int: 21    God:
Gold:   113        SH:  0    Dex:  9    Spells: 10/15 levels left

rFire   . . .      SeeInvis .   m - +1 whip (venom)
rCold   . . .      Faith    .   (no shield)
rNeg    . . .      Spirit   .   (armour unavailable)
rPois   +          Reflect  .   (helmet restricted)
rElec   .          Harm     .   (no cloak)
rCorr   .          Rampage  .   (no gloves)
Will    .....                   (no boots)
Stlth   ++........              (no amulet)
HPRegen 0.21/turn               k - +4 ring of evasion
MPRegen 0.14/turn               (no ring)

@: no status effects
A: breathe noxious fumes, AC +6, unfitting armour, poison resistance,
cold-blooded
a: Breathe Noxious Fumes


You were on level 6 of the Dungeon.
You visited 2 branches of the dungeon, and saw 7 of its levels.

You collected 253 gold pieces.
You spent 140 gold pieces at shops.

Inventory:

Hand Weapons
 b - a +1 dagger
 m - a +1 whip of venom (weapon)
Magical Staves
 i - a staff of earth
Jewellery
 k - a +4 ring of evasion (left hand)
Wands
 g - a wand of polymorph (13)
Scrolls
 c - 7 scrolls of teleportation
 e - a scroll of summoning
 f - a scroll of enchant armour
 j - a scroll of amnesia
 p - a scroll of holy word {unknown}
 r - a scroll of magic mapping
Potions
 a - a potion of cancellation
 d - 2 potions of curing
 h - 3 potions of heal wounds
 l - a potion of mutation
 n - 3 potions of brilliance
 o - a potion of degeneration {unknown}
 q - a potion of flight {unknown}


   Skills:
 + Level 4.6 Fighting
 + Level 4.3 Dodging
 - Level 1.7 Stealth
 + Level 4.4 Spellcasting
 + Level 5.9 Conjurations
 + Level 3.0 Translocations


You had 10 spell levels left.
You knew the following spells:

 Your Spells              Type           Power      Damage    Failure   Level
a - Magic Dart            Conj           100%       1d8       1%          1
b - Searing Ray           Conj           58%        3d5       1%          2
c - Blink                 Tloc           N/A        N/A       4%          2

Your spell library contained the following spells:

 Spells                   Type           Power      Damage    Failure   Level
 Dazzling Flash           Conj/Hex       34%        N/A       10%         3
 Lesser Beckoning         Tloc           8%         N/A       10%         3
 Sting                    Tmut/Pois      16%        1d3       12%         1
 Passwall                 Tmut/Erth      3%         N/A       17%         2
 Poisonous Vapours        Pois/Air       8%         N/A       17%         2
 Iskenderun's Mystic Bla  Conj/Tloc      23%        2d6       19%         4
 Fulminant Prism          Conj/Hex       8%         3d7       32%         4
 Swiftness                Air            4%         N/A       34%         3
 Manifold Assault         Tloc           17%        N/A       67%         5
 Olgreb's Toxic Radiance  Pois           4%         N/A       75%         4
 Invisibility             Hex            2%         N/A       100%        6


Dungeon Overview and Level Annotations

Branches:
Dungeon (6/15)             Temple (1/1) D:5

Altars:
Ashenzari
Elyvilon
Fedhas
Gozag
Okawaru
Qazlal
Ru
Sif Muna
Trog
Uskayaw
Wu Jian
Xom
Yredelemnul
Zin
The Shining One

Shops:
D:2 *   D:5 ?


Innate Abilities, Weirdness & Mutations

You can breathe blasts of noxious fumes.
Your lurid green scales are hard. (AC +6)
You cannot fit into any form of body armour.
Your system is resistant to poisons. (rPois)
You are cold-blooded and may be slowed by cold attacks.


Message History

Aim: a troll (moderately wounded, 79% to hit)
The searing ray hits the troll.
The troll is moderately wounded. (Press . to maintain the ray.)
The centaur skeleton barely misses you. x2; The troll closely misses you.
The troll claws you. x2
The searing ray misses the troll.
The centaur skeleton misses you.
The centaur skeleton closely misses you.
The troll barely misses you. x2; The troll misses you.
The searing ray hits the troll!
The troll is heavily wounded.
The centaur skeleton barely misses you.
The centaur skeleton completely misses you.
The troll bites you. The troll misses you. The troll completely misses you.
The searing ray hits the troll.
The troll is heavily wounded.
You finish channeling your searing ray.
The centaur skeleton hits you. The centaur skeleton barely misses you.
The troll bites you! The troll claws you. The troll barely misses you.
The centaur skeleton hits you but does no damage.
The centaur skeleton barely misses you.
You hit the troll.
The troll is heavily wounded.
The centaur skeleton hits you but does no damage.
The centaur skeleton closely misses you.
The troll completely misses you. The troll misses you.
The troll completely misses you.
You barely miss the troll.
The troll is heavily wounded.
The centaur skeleton closely misses you.
The centaur skeleton kicks you. The troll bites you!
The troll barely misses you. The troll claws you!
* * * LOW HITPOINT WARNING * * *
The centaur skeleton hits you.
* * * LOW HITPOINT WARNING * * *
The centaur skeleton barely misses you.
You hit the troll but do no damage.
The troll is heavily wounded.
The troll bites you!
You die...

### ###
..##..
..... #...
..##...##
......Z.##
....).T@.#
.........#
..../....#
.#.......#
........##
(......##
......#
..##..


You could see a troll and a centaur skeleton.

Vanquished Creatures
  An ogre (D:6)
  A centaur (D:5)
  2 phantoms
  3 scorpions
  A centaur zombie (D:5)
  2 hounds (D:5)
  A gnoll shaman (D:4)
  A jelly (D:4)
  3 orc wizards (D:5)
  2 iguanas (D:5)
  A hound zombie (D:5)
  2 hound skeletons (D:4)
  7 adders
  11 gnolls
  An ufetubus (D:4)
  An adder skeleton (D:5)
  A dart slug (D:3)
  6 orcs (D:5)
  7 endoplasms
  5 giant cockroaches
  8 goblins
  7 hobgoblins
  6 jackals
  2 quokkas
  5 ball pythons
  4 bats
  3 frilled lizards (D:2)
  6 kobolds
  7 rats
107 creatures vanquished.

Vanquished Creatures (others)
  2 plants (D:5)
2 creatures vanquished.

Grand Total: 109 creatures vanquished

Notes
Turn   | Place    | Note
-------+----------+-------------------------------------------
     0 | D:1      | voltaire321 the Draconian Conjurer began the quest for the
                  | Orb.
     0 | D:1      | Reached XP level 1. HP: 14/14 MP: 3/3
   431 | D:1      | Reached XP level 2. HP: 22/22 MP: 3/5
   853 | D:2      | Reached skill level 1 in Fighting
   980 | D:2      | Reached XP level 3. HP: 28/28 MP: 1/6
  1113 | D:2      | Found Ichuruni's General Store.
  1139 | D:2      | Bought a potion of heal wounds for 65 gold pieces
  1139 | D:2      | Bought a scroll of identify for 26 gold pieces
  1212 | D:2      | Learned a level 2 spell: Searing Ray
  1294 | D:2      | Found a faded altar of an unknown god.
  2691 | D:3      | Reached XP level 4. HP: 33/36 MP: 3/7
  3083 | D:4      | Noticed a scorpion
  3289 | D:3      | Reached XP level 5. HP: 38/42 MP: 1/9
  3503 | D:4      | Found an opulent altar of Gozag.
  3740 | D:4      | Learned a level 2 spell: Blink
  3901 | D:4      | Reached XP level 6. HP: 51/51 MP: 8/11
  4016 | D:4      | Reached skill level 5 in Conjurations
  4017 | D:4      | Reached skill level 1 in Translocations
  4258 | D:5      | Entered Level 5 of the Dungeon
  4258 | D:5      | Found Guguewi's Magic Scroll Shop.
  4532 | D:5      | Found a shimmering altar of Xom.
  4594 | D:5      | Your scales start taking on a lurid green colour.
  4594 | D:5      | Reached XP level 7. HP: 47/58 MP: 3/12
  4594 | D:5      | Gained mutation: Your system is resistant to poisons.
                  | (rPois) [Green Draconian growth]
  4848 | D:5      | Bought a scroll of magic mapping for 49 gold pieces
  6023 | D:5      | Found a staircase to the Ecumenical Temple.
  6034 | Temple   | Entered the Ecumenical Temple
  6451 | D:6      | Noticed a troll
  6456 | D:6      | Reached XP level 8. HP: 67/67 MP: 7/14
  6465 | D:6      | Mangled by a troll

Illustrated notes

Levels and vault maps discovered:
D:1:      onia_arrival_pentagram, layout_rooms, minmay_misc_feat_five
D:2:      layout_rooms, serial_shops, nicolae_shop_behind_doors,
          shapermc_ecumenical_altar_ellora, minmay_tetromino_l4
D:3:      layout_basic
D:4:      layout_basic, nicolae_gozag_seed_capital
D:5:      cheibrodos_two_vegetables, layout_cave_pools, lemuel_crystal_altar,
          temple_hall, serial_shops, shop, minmay_door_square
D:6:      layout_cave_pools, minmay_pentangle, uniq_sigmund
Temple:   oiseaux_autumnal_temple

Skill      XL: |  1  2  3  4  5  6  7 |
---------------+----------------------+-----
Dodging        | 2 3 4 |  4.3
Fighting       | 1 2 3 4 |  4.6
Spellcasting   | 3 4 |  4.4
Conjurations   | 5 |  5.9
Translocations | 1 3 |  3.0
Stealth        | |  1.7

Action                   |  1- 3 |  4- 6 |  7- 9 || total
-------------------------+-------+-------+-------++-------
Melee: Dagger            |    33 |     9 |       ||    42
       Tailslap          |     2 |     2 |     6 ||    10
       Whip              |       |    21 |    47 ||    68
 Cast: Magic Dart        |    83 |    41 |    13 ||   137
       Searing Ray       |     1 |    13 |    12 ||    26
 Abil: Breathe Noxious F |       |       |     1 ||     1
  Use: Scroll            |     8 |     4 |       ||    12
 Stab: Sleeping          |     1 |       |       ||     1
Armor: Skin              |    18 |    12 |    24 ||    54
Dodge: Dodged            |    27 |    40 |    93 ||   160

Table legend: (Time is in decaauts)
 A = Elapsed time spent in this place.
 B = Non-inter-level travel time spent in this place.
 C = Inter-level travel time spent in this place.
 D = Time resting spent in this place.
 E = Time spent auto-exploring this place.
 F = Levels seen in this place.
 G = Mean time per level.
                   A        B        C        D        E       F      G
               +--------+--------+--------+--------+--------+-----+--------+
         Total |   6503 |   6250 |    253 |   2482 |   2309 |   7 |  929.0 |
       Dungeon |   6149 |   5896 |    253 |   2482 |   2106 |   6 | 1024.8 |
        Temple |    353 |    353 |      0 |      0 |    202 |   1 |  353.0 |
               +--------+--------+--------+--------+--------+-----+--------+

Top non-repeatable levels by time:
     D:5: 1804 daAuts
     D:3: 1521 daAuts
     D:4: 1014 daAuts
     D:2: 946 daAuts
     D:1: 849 daAuts
  Temple: 353 daAuts
     D:6: 13 daAuts
